 Dungeon Crawl Stone Soup version 0.28.0-1-gb440e238dd (webtiles) character file.

Game seed: 13488286670866339492

572 arthad the Shield-Bearer (level 7, -9/56 HPs)
             Began as a Formicid Fighter on Feb 20, 2022.
             Mangled by Blork the orc (13 damage)
             ... on level 4 of the Dungeon.
             The game lasted 00:06:13 (3611 turns).

arthad the Shield-Bearer (Formicid Fighter)         Turns: 3611, Time: 00:06:15

Health: -9/56      AC:  8    Str: 23    XL:     7   Next: 61%
Magic:  7/7        EV:  9    Int: 13    God:
Gold:   109        SH:  0    Dex: 10    Spells: 6/6 levels left

rFire   . . .      SeeInvis +   a - +0 war axe
rCold   . . .      Faith    .   u - orb {mayhem}
rNeg    . . .      Spirit   .   b - +0 scale mail
rPois   .          Reflect  .   (helmet unavailable)
rElec   .          Harm     .   (no cloak)
rCorr   .          Rampage  .   j - +0 pair of gloves
Will    .....                   (no boots)
Stlth   +.........              (no amulet)
HPRegen 0.18/turn               i - +6 ring of intelligence
MPRegen 0.10/turn               (no ring)

@: no status effects
A: permanent stasis, dig shafts and tunnels, antennae 3, four strong arms
a: Dig, Shaft Self


You were on level 4 of the Dungeon.
You visited 1 branch of the dungeon, and saw 4 of its levels.

You collected 109 gold pieces.

Inventory:

Hand Weapons
 a - a +0 war axe (weapon)
 d - a +0 scythe
 y - a +2 hunting sling of flaming
Missiles
 q - 5 curare-tipped darts
 w - 10 poisoned darts
Armour
 b - a +0 scale mail (worn)
 c - a +0 buckler
 j - a +0 pair of gloves (worn)
 o - a +1 robe of fire resistance
 u - an orb of mayhem (worn)
Jewellery
 i - a +6 ring of intelligence (left hand)
Wands
 x - a wand of paralysis (6)
 A - a wand of polymorph (9)
Scrolls
 f - 5 scrolls of identify {unknown}
 g - 2 scrolls of teleportation {unknown}
 k - 2 scrolls of blinking {unknown}
 l - a scroll of immolation {unknown}
 p - a scroll of fear {unknown}
 r - a scroll of magic mapping {unknown}
 z - a scroll of amnesia {unknown}
Potions
 e - a potion of heal wounds
 h - a potion of haste
 m - 3 potions of attraction {unknown}
 n - 2 potions of lignification {unknown}
 s - a potion of magic {unknown}
 t - a potion of ambrosia {unknown}
 v - 2 potions of curing {unknown}


   Skills:
 * Level 5.1 Fighting
 * Level 4.0 Axes
 * Level 5.1 Armour
 + Level 3.0 Stealth
 * Level 5.6 Shields


You had 6 spell levels left.
You didn't know any spells.
Your spell library contained the following spells:

 Spells                   Type           Power      Damage    Failure   Level
 Tukima's Dance           Hex            0%         N/A       91%         3
 Anguish                  Hex/Necr       0%         N/A       100%        4
 Enfeeble                 Hex            0%         N/A       100%        7


Dungeon Overview and Level Annotations

Branches:
Dungeon (4/15)
 Temple: D:4-7

Altars:

Annotations:
D:4 Blork the orc


Innate Abilities, Weirdness & Mutations

You cannot be hasted, slowed, berserked, paralysed or teleported.
You can dig through walls and to a lower floor.
You have a pair of large antennae on your head. (SInv)
Your four strong arms can wield two-handed weapons with a shield.


Message History

You are too injured to fight recklessly!
You are too injured to fight recklessly!
You are too injured to fight recklessly!
You are too injured to fight recklessly!
You are too injured to fight recklessly!
You completely miss Blork the orc.
Blork the orc hits you with a +0 halberd.
You hit Blork the orc but do no damage.
Blork the orc hits you with a +0 halberd!
You hit Blork the orc but do no damage.
Blork the orc hits you with a +0 halberd!
* * * LOW HITPOINT WARNING * * *
Blork the orc gestures at you while chanting.
The puff of flame hits you.
* * * LOW HITPOINT WARNING * * *
You hit Blork the orc.
Blork the orc is lightly wounded.
Blork the orc casts a spell at you. The magic dart hits you.
* * * LOW HITPOINT WARNING * * *
Aiming: Paralyse
Press: ? - help, Shift-Dir - straight line, f - Blork the orc
Aim: Blork the orc, wielding a +0 halberd, wearing a +0 robe and carrying a wand of digging (5) (lightly wounded, unusually resistant, chance to affect: 49%)
Okay, then.
Aiming: Polymorph
Press: ? - help, Shift-Dir - straight line, f - Blork the orc
Aim: Blork the orc, wielding a +0 halberd, wearing a +0 robe and carrying a wand of digging (5) (lightly wounded, unusually resistant, will become a jelly, a gnoll, or a kobold, chance to affect: 49%)
Okay, then.
Unknown command.
Aiming: Paralyse
Press: ? - help, Shift-Dir - straight line, f - Blork the orc
Aim: Blork the orc, wielding a +0 halberd, wearing a +0 robe and carrying a wand of digging (5) (lightly wounded, unusually resistant, chance to affect: 49%) Blork the orc resists with some effort.
Blork the orc closely misses you.
Unknown command.
Aiming: Paralyse
Press: ? - help, Shift-Dir - straight line, f/p - Blork the orc
Aim: Blork the orc, wielding a +0 halberd, wearing a +0 robe and carrying a wand of digging (5) (lightly wounded, unusually resistant, chance to affect: 49%) Blork the orc resists with some effort.
Blork the orc hits you with a +0 halberd!
You die...

........#.##.#
#.##.# #....#.
.#...####.##.#
#.##.#####.####.
.#.### #.##.#
#..#.##....# #.
.#.# #.##..
#......#### #.
...# #.###.
##....### ##
.>.# #.#
#.###...### ..##
..####.#...)## {
..#
.###...)....##
..# #....@..†.#
{ ..#
#....o....# ..#
#.........# ..#
#..........# ..#
#........#.# .^#
#............
###
..........##.
##........##


You could see Blork the orc (resistant).

Vanquished Creatures
  Grinder (D:4)
  Sigmund (D:2)
  A kobold brigand (D:4)
  An orc wizard (D:3)
  5 adders
  3 worms
  2 dart slugs
  3 orcs (D:3)
  5 bats
  4 endoplasms
  2 giant cockroaches
  10 goblins
  8 hobgoblins
  5 kobolds
  2 quokkas (D:1)
  4 ball pythons (D:2)
  3 frilled lizards
  3 rats
  A spectral kobold (D:2)
64 creatures vanquished.

Notes
Turn   | Place    | Note
-------+----------+-------------------------------------------
     0 | D:1      | arthad the Formicid Fighter began the quest for the Orb.
     0 | D:1      | Reached XP level 1. HP: 18/18 MP: 1/1
   121 | D:1      | Reached XP level 2. HP: 23/24 MP: 2/2
   469 | D:1      | Reached XP level 3. HP: 29/29 MP: 3/3
   995 | D:2      | Found a faded altar of an unknown god.
  1209 | D:2      | Noticed Sigmund
  1221 | D:2      | Killed Sigmund
  1222 | D:2      | Reached XP level 4. HP: 11/38 MP: 4/4
  1222 | D:2      | Reached XP level 5. HP: 12/43 MP: 5/5
  1222 | D:2      | Reached XP level 6. HP: 14/49 MP: 6/6
  2323 | D:2      | Reached skill level 5 in Shields
  3351 | D:4      | Noticed Grinder
  3362 | D:4      | Killed Grinder
  3363 | D:4      | Reached skill level 5 in Fighting
  3363 | D:4      | Reached XP level 7. HP: 36/56 MP: 7/7
  3364 | D:4      | Reached skill level 5 in Armour
  3596 | D:4      | Noticed Blork the orc
  3611 | D:4      | Mangled by Blork the orc

Illustrated notes

Levels and vault maps discovered:
D:1:      lightli_arrival_quake, layout_loops_ring
D:2:      layout_loops_ring, dreamdust_ecumenical_altar_drowned_temple,
          st_stairs_8, nicolae_figureground_pulse, uniq_sigmund
D:3:      layout_basic
D:4:      layout_rooms, mainiacjoe_overflow_surrounded_room, uniq_blork_the_orc,
          uniq_grinder

Skill      XL: |  1  2  3  4  5  6  7 |
---------------+----------------------+-----
Shields        | 4 5 |  5.6
Fighting       | 4 5 |  5.1
Axes           | 3 4 |  4.0
Armour         | 4 5 |  5.1
Stealth        | 2 3 |  3.0

Action                   |  1- 3 |  4- 6 |  7- 9 || total
-------------------------+-------+-------+-------++-------
Melee: War axe           |    73 |   124 |    14 ||   211
 Abil: Dig               |       |     3 |       ||     3
Evoke: Wand              |       |     3 |     2 ||     5
  Use: Potion            |     1 |     1 |       ||     2
 Stab: Paralysed         |       |     4 |       ||     4
Armor: Scale mail        |    30 |    67 |     9 ||   106
Dodge: Dodged            |    38 |    73 |    12 ||   123
Block: Buckler           |    11 |    14 |       ||    25
